 Dungeon Crawl Stone Soup version 0.30-a0-118-ga018f8e90f (webtiles) character file.

Game seed: 13173309651561079133

24245 tilp the Dealer of Despair (level 12, -4/95 HPs)
             Began as a Mummy Necromancer on Sept 13, 2022.
             Was an Elder of Kikubaaqudgha.
             Slain by a flying skull (10 damage)
             ... in a Gauntlet on Sept 14, 2022.
             The game lasted 00:35:19 (18785 turns).

tilp the Dealer of Despair (Mummy Necromancer)     Turns: 18785, Time: 00:35:21

Health: -4/95      AC:  9    Str: 11    XL:     12   Next: 79%
Magic:  3/33       EV: 14    Int: 23    God:    Kikubaaqudgha [****..]
Gold:   1038       SH:  0    Dex: 14    Spells: 1/28 levels left

rFire   + . .      SeeInvis .    a - +6 mace "Guarupp" {freeze, Int+3 Dex+2}
rCold   + . .      Faith    +    (no shield)
rNeg    + + +      Spirit   .    E - +0 steam dragon scales
rPois   ∞          Reflect  .    s - +0 helmet
rElec   .          Harm     .    B - +0 cloak
rCorr   .          Rampage  .    (no gloves)
Will    +....      NoTele   +    w - +1 pair of boots
Stlth   +++.......               R - amulet of Ynuen {Acrobat rF+}
HPRegen 0.25/turn                r - ring of protection from fire
MPRegen 0.23/turn                l - ring of magical power

@: no status effects
A: cold resistance 1, negative energy resistance 3, torment resistance 2, heat
vulnerability 1, in touch with death 1, no potions, faith
a: Renounce Religion, Unearth Wretches


You were in a Gauntlet.
You worshipped Kikubaaqudgha.
Kikubaaqudgha was greatly pleased with you.
You visited 3 branches of the dungeon, and saw 14 of its levels.
You also visited: Sewer, Gauntlet and Ice Cave.

You collected 1038 gold pieces.

Inventory:

Hand Weapons
 a - the +6 mace "Guarupp" (weapon) {freeze, Int+3 Dex+2}
   (You found it on level 10 of the Dungeon)

   It freezes those it strikes, dealing additional cold damage.
   It can also slow down cold-blooded creatures.
   Int:       It affects your intelligence (+3).
   Dex:       It affects your dexterity (+2).
 d - a +4 quarterstaff of chaos
 q - a +0 lajatang
Missiles
 c - 181 stones
 e - 2 throwing nets
 o - 38 poisoned darts (quivered)
 x - 6 boomerangs
 C - 2 curare-tipped darts
 F - 2 javelins
 O - 2 silver javelins
Armour
 j - a +2 buckler
 s - a +0 helmet (worn)
 w - a +1 pair of boots (worn)
 B - a +0 cloak (worn)
 E - +0 steam dragon scales (worn)
Magical Staves
 b - a staff of death
Jewellery
 g - a +6 ring of strength
 k - a ring of flight
 l - a ring of magical power (right hand)
 r - a ring of protection from fire (left hand)
 t - a ring of fire
 z - a ring of protection from cold
 D - a ring of magical power
 L - a ring of fire
 N - a ring of resist corrosion
 Q - a ring of protection from cold
 R - the amulet of Ynuen (around neck) {Acrobat rF+}
   (You found it in an ice cave)

   [amulet of the acrobat]

   It increases your evasion while moving and waiting.
   rF:        It protects you from fire.
 S - an amulet of reflection
 U - the ring "Fussimuede" {Fly Dex+3}
   (You found it in an ice cave)

   [ring of flight]

   Dex:       It affects your dexterity (+3).
   Fly:       It grants you flight.
 V - a +4 ring of evasion
Wands
 H - a wand of paralysis (2)
Scrolls
 f - 5 scrolls of enchant weapon
 h - 4 scrolls of fear
 i - 3 scrolls of vulnerability
 m - 9 scrolls of teleportation
 n - a scroll of poison
 p - a scroll of silence
 u - a scroll of identify
 y - 2 scrolls of amnesia
 A - a scroll of torment
 M - a scroll of blinking
Miscellaneous
 K - a phial of floods (inert)


   Skills:
 + Level 9.2 Fighting
 + Level 5.5 Staves
 + Level 5.5 Dodging
 - Level 4.0 Stealth
 + Level 8.9 Spellcasting
 - Level 6.0 Hexes
 * Level 11.8 Necromancy
 * Level 4.7 Earth Magic
 + Level 5.4 Evocations


You had one spell level left.
You knew the following spells:

 Your Spells              Type           Power      Damage    Failure   Level
a - Necrotise             Necr           100%       1d9       1%          1
b - Vampiric Draining     Necr           77%        2d11      1%          3
c - Animate Dead          Necr           77%        N/A       1%          4
d - Anguish               Hex/Necr       33%        N/A       1%          4
e - Dispel Undead         Necr           77%        3d25      1%          4
f - Borgnjor's Vile Clut  Necr/Erth      32%        N/A       6%          5
g - Death Channel         Necr           38%        N/A       8%          6

Your spell library contained the following spells:

 Spells                   Type           Power      Damage    Failure   Level
 Sandblast                Erth           64%        2d14      1%          1
 Agony                    Necr           77%        N/A       1%          5
 Passwall                 Tmut/Erth      17%        N/A       3%          2
 Stone Arrow              Conj/Erth      42%        3d9       7%          3
 Simulacrum               Ice/Necr       27%        N/A       65%         6


Dungeon Overview and Level Annotations

Branches:
Dungeon (11/15)            Temple (1/1) D:4            Lair (2/5) D:11
 Spider (0/4) Lair:2          Orc (0/2) D:10          Sewer (visited)
  IceCv (visited)         Gauntlet (1/1)
  Swamp: Lair:2-3    Shoals: Lair:2-3

Altars:
Ashenzari
Cheibriados
Dithmenos
Fedhas
Gozag
Hepliaklqana
Kikubaaqudgha
Makhleb
Nemelex Xobeh
Okawaru
Qazlal
Ru
Sif Muna
Trog
Uskayaw
Vehumet
Wu Jian
Xom
Yredelemnul

Shops:
D:1 !

Annotations:
Gauntlet 21 runed translucent doors, 11 transporters


Innate Abilities, Weirdness & Mutations

You are immune to poison.
Your flesh is cold resistant. (rC+)
You are immune to negative energy. (rN+++)
You are immune to unholy pain and torment.
You are vulnerable to heat. (rF-)
You are in touch with the powers of death.
You do not drink.
You have a special connection with the divine. (Faith)


Message History

Moving in this stuff is going to be slow.
The flying skull misses you.
Unknown command.
Unknown command.
Unknown command.
Unknown command.
Unknown command.
Your unstable footing causes you to fumble your attack.
The flying skull hits you!
* * * LOW HITPOINT WARNING * * *
The flying skull is wracked by anguish!
Unknown command.
Blink to where?
Press: ? - help, Dir - move target, p - flying skull
As you read the scroll of blinking, it crumbles to dust.
The crimson imp shouts!
Okay, then.
You can't drink.
Unknown command.
You can't see any enemies this would affect, really read the scroll of poison?
The air fills with toxic fumes!
As you read the scroll of poison, it crumbles to dust.
The crimson imp shouts!
Unknown command.
Unknown command.
You hit the flying skull.
The flying skull is heavily damaged.
The flying skull closely misses you. The flying skull misses you.
The flying skull hits you.
* * * LOW HITPOINT WARNING * * *
The flying skull is wracked by anguish.
Unknown command.
Unknown command.
You hit the flying skull but do no damage.
The flying skull is almost destroyed.
The flying skull barely misses you.
The flying skull hits you but does no damage.
The flying skull barely misses you. The flying skull hits you!
You die...
Kikubaaqudgha rasps: "You have failed me!
Welcome... oblivion!"

### ### ### ### ### ### ###
#8# #8# #8# #8# #8# #8# #8#
############################
...........≈∩§............≈###
.....©.............©.......#8#
###########...###########..###
#..+.©.+..#...#§§§#.#...#..#
#..+...+..#.∩.#z@#...#..#..###
#++#+#+#++#...#z##..z##.#..#8#
#..+...+..#...##..#.#~~##..###
#..+...+..#...#....z~~~~#..#
#++#...#++#...##..#.#~~##..###
#..#+++#.5#...#.#######§#..#8#
#........4#...#.z#...#.~#..###
#...!©:353#...#.z[.©==..#..#
###########...###########..###


You could see a smoke demon, a red devil, 2 flying skulls and a crimson imp.

Vanquished Creatures
  Fannar (D:11)
  A centaur warrior (D:11)
  A two-headed ogre (D:10)
  A cyclops (D:6)
  Joseph (D:7)
  2 ice statues (IceCv)
  A cane toad (Lair:2)
  A kobold demonologist (D:11)
  A troll (D:11)
  Grinder (Sewer)
  Prince Ribbit (D:5)
  10 flying skulls (Gauntlet)
  A shadow (D:11)
  8 yaks
  2 water moccasins
  A warg (D:11)
  An acid dragon (D:11)
  An orc warrior (D:10)
  A sky beast (D:6)
  2 ice beasts
  3 wolves (Lair:1)
  2 centaurs
  4 bullfrogs
  3 scorpions
  A lindwurm simulacrum (IceCv)
  5 howler monkeys
  13 komodo dragon simulacra (IceCv)
  2 hounds
  2 quasits (Sewer)
  3 jellies
  Crazy Yiuf (D:4)
  7 orc priests
  4 iguanas
  3 orc wizards
  11 gnolls
  9 adders
  3 river rats (D:6)
  An acid dragon simulacrum (IceCv)
  2 shadow imps (Sewer)
  2 steam dragon simulacra (IceCv)
  2 ufetubi (Sewer)
  4 dart slugs
  20 orcs
  10 ball pythons
  6 bats
  5 endoplasms
  6 giant cockroaches
  9 goblins
  4 hobgoblins
  7 jackals
  20 kobolds
  2 quokkas
  3 kobold zombies (Sewer)
  9 rats
227 creatures vanquished.

Vanquished Creatures (collateral kills)
  A hydra (D:11)
  A boulder beetle (Lair:1)
  A cane toad (Lair:2)
  A komodo dragon (Lair:1)
  A rime drake (IceCv)
  An ice devil (D:11)
  2 yaks
  A vampire mosquito (D:11)
  2 water moccasins
  A black bear (D:7)
  An ogre (D:4)
  2 wolves (Lair:1)
  4 bullfrogs
  2 scorpions (Lair:2)
  3 wights (D:7)
  2 komodo dragon simulacra (IceCv)
  An orc wizard (D:11)
  An acid dragon simulacrum (IceCv)
  An adder (D:6)
  A shadow imp (Sewer)
  A steam dragon simulacrum (IceCv)
  2 worms (Lair:2)
  8 orcs
  9 kobolds
50 creatures vanquished.

Vanquished Creatures (others)
  An ice dragon (IceCv)
  3 boulder beetles
  5 two-headed ogres
  An ugly thing (D:11)
  2 cyclopes
  A manticore (D:11)
  2 gargoyles (D:10)
  A cane toad (Lair:1)
  Maggie (D:7)
  An ice devil (D:11)
  6 rime drakes (IceCv)
  2 komodo dragons (Lair:1)
  A hornet (shapeshifter) (D:11)
  2 flying skulls (Gauntlet)
  3 wyverns
  10 yaks
  A steam dragon (D:8)
  A vampire mosquito (D:11)
  2 wargs (D:11)
  Edmund (D:4)
  An acid dragon (D:11)
  A water moccasin (Lair:1)
  An elf zombie (D:11)
  3 orc warriors
  2 wolves
  4 ice beasts (IceCv)
  A centaur (D:9)
  A rime drake zombie (IceCv)
  4 kobold brigands
  2 bullfrogs
  A scorpion (Lair:2)
  A wight (D:7)
  A water moccasin zombie (D:8)
  3 warg zombies (D:11)
  6 yak zombies
  A killer bee (D:7)
  A howler monkey (D:8)
  2 electric eels (D:8)
  2 bullfrog zombies
  3 orc priests
  4 orc wizards
  A killer bee zombie (D:7)
  3 ice beast zombies (IceCv)
  4 howler monkey zombies
  A white imp (D:6)
  5 orcs
  A ball python (D:7)
  A bat (Sewer)
  A bat zombie (Sewer)
  2 endoplasms
  2 ball python zombies
  An endoplasm zombie (D:10)
  A giant cockroach zombie (Sewer)
  4 kobolds
  5 kobold zombies
  7 orc zombies
  2 fungi (Lair:2)
  7 plants
140 creatures vanquished.

Grand Total: 417 creatures vanquished

Notes
Turn   | Place    | Note
-------+----------+-------------------------------------------
     0 | D:1      | tilp the Mummy Necromancer began the quest for the Orb.
     0 | D:1      | Reached XP level 1. HP: 13/13 MP: 4/4
   245 | D:1      | Found Uderebbo's Distillery.
   356 | D:1      | Reached XP level 2. HP: 20/20 MP: 3/5
   446 | D:1      | Found a faded altar of an unknown god.
   540 | D:1      | Reached skill level 1 in Fighting
  1146 | D:2      | Gained mutation: You are in touch with the powers of death.
                  | [Mummy growth]
  1146 | D:2      | Reached XP level 3. HP: 26/26 MP: 2/7
  1150 | D:2      | Learned a level 3 spell: Vampiric Draining
  1443 | D:2      | Reached XP level 4. HP: 33/33 MP: 4/8
  1847 | D:2      | Found a shimmering altar of Xom.
  2518 | D:3      | Reached skill level 5 in Necromancy
  2518 | D:3      | Reached XP level 5. HP: 22/40 MP: 3/9
  3937 | D:4      | Noticed Edmund
  3957 | D:4      | Reached XP level 6. HP: 48/48 MP: 10/10
  4100 | D:4      | Reached skill level 6 in Necromancy
  4310 | D:4      | Found a staircase to the Ecumenical Temple.
  4551 | Temple   | Entered the Ecumenical Temple
  4667 | Temple   | Became a worshipper of Kikubaaqudgha
  4889 | D:4      | Learned a level 4 spell: Animate Dead
  5020 | D:4      | Found a runed translucent door.
  5021 | D:4      | Noticed Crazy Yiuf
  5219 | D:5      | Entered Level 5 of the Dungeon
  5245 | D:5      | Reached XP level 7. HP: 26/54 MP: 11/11
  5831 | D:5      | Reached skill level 1 in Staves
  5833 | D:5      | HP: 1/54 [gnoll/+0 spear (7)]
  6316 | D:5      | Reached skill level 1 in Evocations
  6596 | D:5      | Found an ornate altar of the Wu Jian Council.
  6683 | D:5      | Noticed Prince Ribbit
  6694 | D:5      | Killed Prince Ribbit
  6695 | D:5      | Reached XP level 8. HP: 34/61 MP: 8/14
  7017 | D:6      | Reached skill level 7 in Necromancy
  7144 | D:6      | Reached * piety under Kikubaaqudgha
  7144 | D:6      | Received a gift from Kikubaaqudgha
  7150 | D:6      | Learned a level 4 spell: Anguish
  7196 | D:6      | Found a sparkling altar of Nemelex Xobeh.
  7245 | D:6      | Found a glowing drain.
  7323 | Sewer    | Entered a sewer
  7414 | Sewer    | Reached skill level 5 in Fighting
  7544 | Sewer    | Found a burning altar of Makhleb.
  7623 | Sewer    | Noticed Grinder
  7636 | Sewer    | Paralysed by Grinder for 4 turns
  7641 | Sewer    | Killed Grinder
  7642 | Sewer    | Reached skill level 5 in Spellcasting
  7642 | Sewer    | Reached skill level 1 in Hexes
  7642 | Sewer    | Reached ** piety under Kikubaaqudgha
  8260 | D:6      | Reached skill level 8 in Necromancy
  8260 | D:6      | Reached XP level 9. HP: 38/68 MP: 16/16
  8484 | D:6      | Found a radiant altar of Vehumet.
  9193 | D:7      | Noticed Joseph
  9203 | D:7      | Killed Joseph
  9520 | D:7      | Noticed Maggie
  9536 | D:7      | Killed Maggie
  9977 | D:4      | Killed Edmund
 10323 | D:4      | Killed Crazy Yiuf
 10471 | D:8      | Reached XP level 10. HP: 75/77 MP: 14/18
 11523 | D:9      | Noticed a two-headed ogre
 11534 | D:9      | Reached skill level 9 in Necromancy
 11534 | D:9      | Killed a two-headed ogre
 11876 | D:9      | Found a hazy altar of Hepliaklqana.
 11880 | D:9      | Found a basalt altar of Yredelemnul.
 11969 | D:9      | Found a shimmering altar of Xom.
 12007 | D:9      | Reached skill level 5 in Hexes
 12293 | D:10     | Entered Level 10 of the Dungeon
 12352 | D:10     | Identified the +6 mace "Guarupp" {freeze, Int+3 Dex+2}
 12481 | D:10     | Reached *** piety under Kikubaaqudgha
 12481 | D:10     | Received a gift from Kikubaaqudgha
 12491 | D:10     | Noticed a gargoyle
 12544 | D:9      | Learned a level 4 spell: Dispel Undead
 12998 | D:10     | Noticed a two-headed ogre
 13002 | D:10     | Killed a two-headed ogre
 13003 | D:10     | Reached skill level 10 in Necromancy
 13003 | D:10     | Reached XP level 11. HP: 78/84 MP: 21/21
 13164 | D:10     | Noticed a two-headed ogre
 13167 | D:10     | Killed a two-headed ogre
 13332 | D:10     | Noticed a two-headed ogre
 13338 | D:10     | Killed a two-headed ogre
 13835 | D:10     | Found a staircase to the Orcish Mines.
 13903 | D:10     | Noticed a two-headed ogre
 13913 | D:10     | Killed a two-headed ogre
 14046 | D:10     | Learned a level 5 spell: Borgnjor's Vile Clutch
 14148 | D:11     | Noticed Fannar
 14148 | D:11     | Noticed a six-headed hydra
 14159 | D:11     | Killed a six-headed hydra
 14165 | D:11     | Killed Fannar
 14166 | D:11     | Reached skill level 1 in Earth Magic
 14274 | D:11     | Found a frozen archway.
 14288 | D:11     | Your ally Fannar died
 14325 | IceCv    | Entered an ice cave
 15162 | IceCv    | Noticed an ice dragon
 15543 | IceCv    | Identified the amulet of Ynuen {Acrobat rF+}
 15640 | IceCv    | Killed an ice dragon
 15767 | IceCv    | Identified the ring "Fussimuede" {Fly Dex+3}
 15963 | D:11     | Reached XP level 12. HP: 38/94 MP: 11/23
 16188 | D:11     | Found a staircase to the Lair.
 16404 | D:11     | Noticed a centaur warrior
 16412 | D:11     | Killed a centaur warrior
 16413 | D:11     | Reached skill level 11 in Necromancy
 16427 | D:11     | Reached skill level 5 in Staves
 16662 | D:11     | Reached skill level 5 in Dodging
 16662 | D:11     | Reached skill level 5 in Evocations
 16917 | D:11     | Learned a level 6 spell: Death Channel
 16976 | Lair:1   | Entered Level 1 of the Lair of Beasts
 17479 | Lair:1   | Noticed a boulder beetle
 17490 | Lair:1   | Killed a boulder beetle
 18257 | Lair:2   | Found a gate leading to a gauntlet.
 18280 | Lair:2   | Noticed a boulder beetle
 18281 | Lair:2   | Reached **** piety under Kikubaaqudgha
 18291 | Lair:2   | Killed a boulder beetle
 18336 | Gauntlet | Entered a Gauntlet
 18336 | Gauntlet | Found a large runed translucent door.
 18336 | Gauntlet | Found a large runed translucent door.
 18336 | Gauntlet | Found a large runed translucent door.
 18336 | Gauntlet | Found a large runed translucent door.
 18336 | Gauntlet | Found a runed translucent door.
 18336 | Gauntlet | Found a large runed translucent door.
 18336 | Gauntlet | Found a large runed translucent door.
 18336 | Gauntlet | Found a transporter.
 18336 | Gauntlet | Found a transporter.
 18336 | Gauntlet | Found a large runed translucent door.
 18336 | Gauntlet | Found a large runed translucent door.
 18336 | Gauntlet | Found a runed translucent gate.
 18336 | Gauntlet | Found a runed translucent gate.
 18336 | Gauntlet | Found a transporter.
 18437 | Gauntlet | Found a transporter.
 18437 | Gauntlet | Found a transporter.
 18441 | Gauntlet | Noticed a death scarab
 18445 | Gauntlet | Noticed a death scarab
 18447 | Gauntlet | Found a transporter.
 18449 | Gauntlet | Noticed a death scarab
 18506 | Gauntlet | Found a runed translucent door.
 18507 | Gauntlet | Found a large runed translucent door.
 18507 | Gauntlet | Found a large runed translucent door.
 18507 | Gauntlet | Found a large runed translucent door.
 18507 | Gauntlet | Found a large runed translucent door.
 18508 | Gauntlet | Found a large runed translucent door.
 18508 | Gauntlet | Found a large runed translucent door.
 18509 | Gauntlet | Found a large runed translucent door.
 18509 | Gauntlet | Found a large runed translucent door.
 18513 | Gauntlet | Found a transporter.
 18525 | Gauntlet | Found a transporter.
 18539 | Gauntlet | Found a transporter.
 18549 | Gauntlet | Found a transporter.
 18564 | Gauntlet | Found a transporter.
 18570 | Gauntlet | Found a transporter.
 18593 | Gauntlet | Found a runed translucent gate.
 18785 | Gauntlet | Slain by a flying skull

Illustrated notes

Levels and vault maps discovered:
D:1:      kennysheep_arrival_seaside, layout_rooms, serial_shops, shop,
          hellmonk_ecumenical_altar_inner_sanctum, kennysheep_flooded_box,
          minmay_door_square
D:2:      layout_basic, basic_altar
D:3:      layout_loops_corners
D:4:      layout_rooms, minmay_temple_entry_tees, nicolae_eternal_life,
          uniq_crazy_yiuf_cottage, uniq_edmund
D:5:      layout_rooms, nzn_wu_jian_contemplation, serial_glass,
          glass_columns_a, glass_columns_a, uniq_prince_ribbit1
D:6:      layout_loops_ring, nicolae_vehumet_altar_sigil,
          nemelex_spade_bored_becter, portal_sewer_entry_c
D:7:      layout_rooms, uniq_joseph, uniq_maggie
D:8:      layout_cave_pools, st_stairs_7, nicolae_benzene_ring, fountainhead,
          small_statue_intersection, kennysheep_big_empty_room
D:9:      layout_gridville, nicolae_overflow_crystal_walls,
          nicolae_overflow_hidden_temple
D:10:     layout_loops_cross, orc_0_dummy
D:11:     layout_roguey, erik_lair_orcish_takeover,
          portal_ice_cave_demonic_guard, kennysheep_potato, uniq_fannar
Temple:   nicolae_temple_superstar
Lair:1:   layout_hall_layers, nicolae_quartered_pool_impasse,
          infiniplex_staircase_pool_2, grunt_megastairs_5, lemuel_fruit_tree
Lair:2:   layout_roguey [special_room_bee], nicolae_spider_entry_non_spiders,
          gauntlet_entry_generic
Gauntlet: gammafunk_gauntlet_shortcut [gammafunk_gauntlet_arena_chambers,
          nicolae_gauntlet_arena_t_cross,
          minmay_gauntlet_arena_make_your_own_arena, nicolae_gauntlet_swirl,
          nicolae_gauntlet_arena_flowing_pool, gammafunk_gauntlet_arena_corners,
          dreamdust_gauntlet_exit_labyrinth]

Skill      XL: |  1  2  3  4  5  6  7  8  9 10 11 12 |
---------------+-------------------------------------+-----
Fighting       | 1 2 3 4 5 6 7 8 9 |  9.2
Spellcasting   | 3 4 5 7 8 |  8.9
Stealth        | 2 4 |  4.0
Dodging        | 2 3 4 5 |  5.5
Necromancy     | 5 6 8 10 11 | 11.8
Staves         | 1 2 3 4 5 |  5.5
Evocations     | 1 2 4 5 |  5.4
Hexes          | 1 4 5 6 |  6.0
Earth Magic    | 2 4 |  4.7

Action                   |  1- 3 |  4- 6 |  7- 9 | 10-12 || total
-------------------------+-------+-------+-------+-------++-------
Melee: Spear             |     4 |   144 |       |       ||   148
       Unarmed           |     1 |       |       |       ||     1
       Whip              |       |     5 |   215 |    50 ||   270
       Lajatang          |       |       |    33 |       ||    33
       Punch             |       |       |     2 |     6 ||     8
       Mace              |       |       |       |   154 ||   154
Throw: Dart              |       |     5 |       |       ||     5
       Stone             |       |     1 |       |       ||     1
       Throwing net      |       |       |     1 |       ||     1
       Boomerang         |       |       |       |     2 ||     2
 Cast: Necrotise         |    60 |    37 |    22 |       ||   119
       Vampiric Draining |       |    30 |    36 |    16 ||    82
       Anguish           |       |       |    29 |    74 ||   103
       Animate Dead      |       |       |     6 |    11 ||    17
       Dispel Undead     |       |       |       |    22 ||    22
       Borgnjor's Vile C |       |       |       |    14 ||    14
       Death Channel     |       |       |       |     5 ||     5
Invok: Unearth Wretches  |       |       |     4 |     7 ||    11
Evoke: Wand              |       |       |       |     5 ||     5
       Phial of floods   |       |       |       |     2 ||     2
  Use: Scroll            |     2 |     4 |     3 |     6 ||    15
 Stab: Sleeping          |       |     9 |     2 |     1 ||    12
       Paralysed         |       |       |     3 |    14 ||    17
       Distracted        |       |       |     1 |     1 ||     2
Armor: Robe              |     1 |    29 |   111 |    29 ||   170
       Steam dragon scal |       |       |       |    62 ||    62
Dodge: Dodged            |     5 |    78 |   274 |   202 ||   559

Table legend: (Time is in decaauts)
 A = Elapsed time spent in this place.
 B = Non-inter-level travel time spent in this place.
 C = Inter-level travel time spent in this place.
 D = Time resting spent in this place.
 E = Time spent auto-exploring this place.
 F = Levels seen in this place.
 G = Mean time per level.
                   A        B        C        D        E       F      G
               +--------+--------+--------+--------+--------+-----+--------+
         Total |  18875 |  18297 |    578 |   2774 |  12537 |  17 | 1110.3 |
       Dungeon |  14595 |  14092 |    503 |   1866 |  10143 |  11 | 1326.8 |
        Temple |    134 |     89 |     45 |      0 |     73 |   1 |  134.0 |
          Lair |   1367 |   1338 |     29 |     20 |   1139 |   2 |  683.5 |
         Sewer |    780 |    780 |      0 |      0 |    555 |   1 |  780.0 |
      Ice Cave |   1540 |   1540 |      0 |    806 |    454 |   1 | 1540.0 |
      Gauntlet |    456 |    456 |      0 |     82 |    172 |   1 |  456.0 |
               +--------+--------+--------+--------+--------+-----+--------+

Top non-repeatable levels by time:
     D:4: 1919 daAuts
     D:3: 1717 daAuts
    D:10: 1612 daAuts
   IceCv: 1540 daAuts
     D:5: 1533 daAuts
    D:11: 1382 daAuts
  Lair:1: 1255 daAuts
     D:6: 1233 daAuts
     D:2: 1208 daAuts
     D:8: 1051 daAuts
     D:1: 1020 daAuts
     D:7: 963 daAuts
     D:9: 953 daAuts
   Sewer: 780 daAuts
Gauntlet: 456 daAuts
